 Dungeon Crawl Stone Soup version 0.30.1-9-gdf580d7c3d (webtiles) character file.

Game seed: 11970348476926575859

27 Peloso the Trooper (level 2, 27/27 HPs)
             Began as a Minotaur Fighter on Sept 29, 2023.
             Got out of the dungeon alive.
             The game lasted 00:01:19 (531 turns).

Peloso the Trooper (Minotaur Fighter)                Turns: 531, Time: 00:01:20

Health: 27/27      AC:  9    Str: 19    XL:     2   Next: 93%
Magic:  1/1        EV:  9    Int:  9    God:
Gold:   28         SH:  4    Dex:  8    Spells: 1/1 levels left

rFire   . . .        a - +0 long sword
rCold   . . .        c - +0 buckler
rNeg    . . .        b - +0 scale mail
rPois   +            (helmet restricted)
rElec   .            (no cloak)
rCorr   .            (no gloves)
SInv    .            (no boots)
Will    .....        (no amulet) Stlth
                     f - ring of flight
HPRegen 0.24/turn    (no ring)
MPRegen 0.07/turn

%: no passive effects
@: flying
A: horns 2, retaliatory headbutt, iridescent scales 1, clever 1, poison
resistance, wild magic 1
a: no special abilities


You escaped.
You visited 1 branch of the dungeon, and saw 1 of its levels.

You collected 28 gold pieces.

Inventory:

Hand Weapons
 a - a +0 long sword (weapon)
Armour
 b - a +0 scale mail (worn)
 c - a +0 buckler (worn)
Jewellery
 e - an amulet of magic regeneration
 f - a ring of flight (left hand)
Scrolls
 g - 2 scrolls of teleportation {unknown}
 h - a scroll of fog {unknown}
Potions
 d - a potion of might


   Skills:
 + Level 4.2 Fighting
 + Level 2.6 Long Blades
 + Level 4.0 Armour
 + Level 4.1 Shields


You had one spell level left.
You didn't know any spells.
Your spell library was empty.

Dungeon Overview and Level Annotations

Branches:
Dungeon (1/15)

Altars:


Innate Abilities, Weirdness & Mutations

You have a pair of horns on your head.
You reflexively headbutt those who attack you in melee.
You are partially covered in iridescent scales. (AC +2)
Your mind is acute. (Int +4, Str/Dex -1)
Your system is resistant to poisons. (rPois)
Your spells are a little harder to cast, but a little more powerful.


Message History

You kill the ball python!
The frilled lizard closely misses you. You furiously retaliate!
You headbutt the frilled lizard!
You kill the frilled lizard!
You see here a frilled lizard corpse.
i - a clear potion
g - 2 scrolls labelled ATI YCHASMECIH (gained 1)
You see here a frilled lizard skeleton.
Things that are here:
a +0 ring mail; a quokka skeleton; a frilled lizard skeleton
Things that are here:
a +0 ring mail; a quokka skeleton; a frilled lizard skeleton You see here a frilled lizard skeleton.
An endoplasm comes into view.
The endoplasm quivers.
An endoplasm is nearby!
The endoplasm freezes you.
You are frozen.
You hit the endoplasm. Your headbutt misses the endoplasm.
The endoplasm is almost dead.
You block the endoplasm's attack.
You hit the endoplasm.
You kill the endoplasm!
You now have 28 gold pieces (gained 9).
Done exploring.
Done exploring.
Done exploring.
Done exploring.
Okay, then.
It was a potion of mutation.
You feel extremely strange.
You feel resistant to poisons.
You feel clever.
Iridescent scales grow over part of your body.
You feel less in control of your magic.
Unknown command.
(D) Dungeon
Where to? (? - help)
What level of the Dungeon? (default 1, ? - help)
There is a staircase leading out of the dungeon here.
Are you sure you want to leave the Dungeon?
This will make you lose the game!
You have escaped!

#..........##.#..##.#####.#
#.................#.#####..
#..........#......#..#.....
#.........###.....##...##.#
###.#......#..........)##.#
#..................#.....
###..#...#>..#......###..
#.###.###.###..........
##..#..@#...#...........
#..............##.......
######.......#......##.......
#...........###.....##.......
#............#..............#
#...................##.......
#.......####.#....####.......
#####.................).....)
#####.....########.......


There were no monsters in sight!

Vanquished Creatures
  3 ball pythons (D:1)
  A bat (D:1)
  2 endoplasms (D:1)
  A giant cockroach (D:1)
  4 goblins (D:1)
  2 hobgoblins (D:1)
  3 jackals (D:1)
  A kobold (D:1)
  A quokka (D:1)
  4 frilled lizards (D:1)
  2 rats (D:1)
24 creatures vanquished.

Notes
Turn   | Place    | Note
-------+----------+-------------------------------------------
     0 | D:1      | Peloso the Minotaur Fighter began the quest for the Orb.
     0 | D:1      | Reached XP level 1. HP: 19/19 MP: 0/0
    26 | D:1      | Found a faded altar of an unknown god.
   112 | D:1      | Reached XP level 2. HP: 25/27 MP: 1/1
   521 | D:1      | Gained mutation: Your system is resistant to poisons.
                  | (rPois) [potion of mutation]
   521 | D:1      | Gained mutation: Your mind is acute. (Int +4, Str/Dex -1)
                  | [potion of mutation]
   521 | D:1      | Gained mutation: You are partially covered in iridescent
                  | scales. (AC +2) [potion of mutation]
   521 | D:1      | Gained mutation: Your spells are a little harder to cast,
                  | but a little more powerful. [potion of mutation]
   531 | D:$      | Got out of the dungeon alive.

Illustrated notes

Levels and vault maps discovered:
D:1:      minmay_arrival_five_plusses, layout_rooms,
          chequers_ecumenical_altar_simple

Skill      XL: |  1  2 |
---------------+-------+-----
Fighting       | 4 |  4.2
Armour         | 4 |  4.0
Shields        | 4 |  4.1
Long Blades    | |  2.6

Action                     || total
---------------------------++-------
  Melee: Long sword        ||    51
         Headbutt          ||     8
    Use: Scroll            ||     1
         Potion            ||     1
 Armour: Scale mail        ||    26
  Dodge: Dodged            ||    24
  Block: Buckler           ||    13
